 Dungeon Crawl Stone Soup version 0.14.0-12-g87ee3b7 (webtiles) character file.

348620 Sabsy the Impregnable (level 21, -25/195 HPs)
             Began as a Minotaur Chaos Knight on Apr 13, 2014.
             Was a Favourite Plaything of Xom.
             Killed from afar by a fire giant (42 damage)
             ... with a fireball
             ... on Level 4 of the Depths on Apr 14, 2014.
             The game lasted 08:16:09 (46874 turns).

Sabsy the Impregnable (Minotaur Chaos Knight)      Turns: 46874, Time: 08:16:09

HP -25/195       AC  5     Str 25      XL: 21   Next: 19%
MP  34/34        EV 10     Int 13      God: Xom
Gold 1922        SH  0     Dex 12      Spells:  0 memorised, 20 levels left

rFire  x . .     SeeInvis +     a - melded +7,+9 morningstar (holy)
rCold  + + +     Clarity  +     g - melded +15 Maxwell's patent armour {rCorr, Cons, -Cast -Tele MR+}
rNeg   + . .     Conserve .     f - melded +3 shield {reflect}
rPois  +         rCorr    .     s - melded +2 hat {MR+}
rElec  .         rRot     .     O - melded +0 cloak {MR+}
SustAb . .       Spirit   .     u - melded +0 pair of gloves
rMut   .         Warding  .     A - melded +0 pair of boots
Saprov . . .     Stasis   .     U - amulet of clarity
MR     ++...                    E - ring of poison resistance
                                d - ring of positive energy

@: ice-form, very slightly contaminated, hasted, very quick, very resistant to
hostile enchantments, unstealthy
A: (retaliatory headbutt), (beak), (horns 0), (large bone plates 0), (molten
scales 0), see invisible, blink 1, clever 2, magic resistance 1, robust 1,
(shaggy fur 0), (electricity resistance)
a: Blink, Renounce Religion
}: 2/15 runes: decaying, gossamer


You were on level 4 of the Depths.
You worshipped Xom.
You were Xom's teddy bear.
You were not hungry.
You were a creature of crystalline ice.
You visited 7 branches of the dungeon, and saw 41 of its levels.
You visited the Abyss 2 times.
You also visited: Bailey, Ice Cave and Wizlab.

You collected 4432 gold pieces.
You spent 2510 gold pieces at shops.

Inventory:

Hand weapons
 a - a +7,+9 morningstar of holy wrath (melded)
Missiles
 L - 8 tomahawks of returning (quivered)
Armour
 f - a +3 shield of reflection (melded)
 g - the +15 Maxwell's patent armour (melded) {rCorr, Cons, -Cast -Tele MR+}
   (You acquired it on level 5 of the Lair of Beasts)

   It affects your resistance to hostile enchantments.
   It prevents spellcasting.
   It prevents most forms of teleportation.
 s - a +2 hat of magic resistance (melded)
 u - a +0 pair of gloves (melded)
 A - a +0 pair of boots (melded)
 O - a +0 cloak of magic resistance (melded)
Magical devices
 e - a wand of disintegration (12)
 n - a wand of teleportation (4)
 p - a wand of digging (10)
 D - a wand of lightning (1)
Comestibles
 c - 16 bread rations
 P - an apple
Scrolls
 h - 2 scrolls of silence
 k - a scroll of fear
 l - 11 scrolls of identify
 m - 8 scrolls of enchant armour
 r - 9 scrolls of fog
 v - 8 scrolls of enchant weapon II
 x - 6 scrolls of teleportation
 y - 2 scrolls of magic mapping
 C - 2 scrolls of holy word
 G - 12 scrolls of remove curse
 K - 4 scrolls of blinking
 N - a scroll of brand weapon
 R - 2 scrolls of enchant weapon III
 V - 3 scrolls of vulnerability
 Z - a scroll of enchant weapon I
Jewellery
 d - a ring of positive energy (left paw)
 o - an uncursed amulet of resist mutation
 t - an uncursed amulet of the gourmand
 w - the ring "Viucaust" {rC++ Dex+4}
   (You found it on level 2 of the Spider Nest)

   [ring of dexterity]

   It affects your dexterity (+4).
   It greatly protects you from cold.
 B - an uncursed ring of protection from fire
 E - a ring of poison resistance (right paw)
 F - an uncursed ring of protection from cold
 U - an amulet of clarity (around neck)
 Y - a +3,+5 ring of slaying
Potions
 j - 2 potions of flight
 q - a potion of porridge
 z - 8 potions of restore abilities
 M - 6 potions of curing
 Q - 2 potions of resistance
 S - 2 potions of haste
 W - a potion of berserk rage
 X - a potion of might
Miscellaneous
 H - a stone of tremors
 J - a sack of spiders
 T - a lamp of fire (inert)
Rods
 b - a +3 rod of clouds (3/13)
   (Xom gifted it to you on level 3 of the Depths)
 i - a +4 rod of shadows (13/13)
   (Xom gifted it to you on level 5 of the Spider Nest)


   Skills:
 - Level 4.5 Fighting
 + Level 18.6 Maces & Flails
 - Level 23.5 Armour
 - Level 2.4 Dodging
 - Level 0.3 Stealth
 + Level 23.4 Shields
 - Level 16.2 Evocations


You had 20 spell levels left.
You didn't know any spells.

Dungeon Overview and Level Annotations

Branches:
Dungeon (15/15)            Temple (1/1) D:6             Orc (3/4) D:12
   Lair (8/8) D:10          Swamp (5/5) Lair:3       Spider (5/5) Lair:3
  Slime (0/6) Lair:7       Vaults (0/5) D:13         Depths (4/5) D:15
    Elf: Orc:3-4

Altars:
Ashenzari
Cheibriados
Dithmenos
Elyvilon
Fedhas
Kikubaaqudgha
Makhleb
Nemelex Xobeh
Okawaru
Sif Muna
Trog
Vehumet
Xom
Yredelemnul
Zin
The Shining One
Beogh

Shops:
D:4 *}(   D:5 *   D:7 !   D:11 ?   D:14 :   D:15 *   Orc:3 =(*

Portals:
Hell: Depths:1 Depths:2 Depths:4
Abyss: Depths:3 Depths:4
Pandemonium: Depths:3

Annotations:
D:4 Natasha
Depths:1 exclusion: door
Depths:3 Norris


Innate Abilities, Weirdness & Mutations

((You reflexively headbutt those who attack you in melee.))*
((You have a pair of horns on your head.))*
((You have a beak for a mouth.))*
((You are partially covered in large bone plates (AC +2, SH +2).))*
((You are partially covered in molten scales (AC +1).))*
You have supernaturally acute eyesight.
You can translocate small distances at will.
Your mind is very acute. (Int +4)
You are resistant to hostile enchantments.
You are robust (+10% HP).
((You are covered in fur (AC +1).))*
((You are resistant to electric shocks.))*


Message History

* * * LOW HITPOINT WARNING * * *
Read which item? (? for menu, Esc to quit)
As you read the scroll of fear, it crumbles to dust.
You assume a fearsome visage.
The fire giant resists.
The green death is unaffected.
The manticore zombie is unaffected.
The lich is unaffected.
The deep troll shaman looks frightened!
The purple very ugly thing looks frightened!
The giant eyeball looks frightened!
Read which item? (? for menu, Esc to quit)
As you read the scroll of summoning, it crumbles to dust.
Wisps of shadow whirl around you...
The fire giant points at you and mumbles some strange words.
The fireball explodes!
The fireball engulfs you! The fire burns you terribly!
One of your 2 scrolls of fear catches fire!
One of your 9 scrolls of enchant weapon II catches fire!
One of your 7 scrolls of teleportation catches fire!
One of your 3 scrolls of magic mapping catches fire!
One of your 5 scrolls of blinking catches fire!
You die...
Xom howls with laughter!

##=...##.....)#....#+###
, #......#.....#....## ,
#...##)#..........+ , *
, ##.%#.....#....Z..# *
##.)....#...G2L#'## , *
** ###..........##..# ≈
##......V§...'...# * **
,≈ #.......§§§..#...!# ≈
≈≈
####......§§I§u.#..[>#
∩, ,
##..#..#...H§§sT#######
, #...)....#.....##
*≈,,,,, #?..#......#...'
, * ≈≈,⌠
#)..#........#.#. ≈, ,,,
#)..#.........C'.. ≈ , ,
#...'..........# .. *
*≈, ,⌠, ##..#...........
# **≈∩, ,,
####............ , * ≈
≈,


You could see a fire giant, a lich, a green death, a purple very ugly thing
(fleeing), a deep troll shaman (fleeing), a giant eyeball (fleeing), a manticore
zombie, a friendly emperor scorpion, a friendly tengu reaver and a friendly
vampire mage.

Vanquished Creatures
  An ancient lich (WizLab)
  Nikola (Spider:4)
  2 quicksilver dragons (Depths:4)
  A sphinx (Depths:4)
  A storm dragon (Depths:4)
  The ghost of dadoka the Shatterer, a mighty MiFi of Okawaru (Spider:4)
  A lich (Depths:4)
  An azure jelly (Lair:3)
  A thorn hunter (Swamp:5)
  Frances (Spider:4)
  A shadow dragon (Depths:4)
  A deep elf sorcerer (Depths:4)
  2 fire giants
  Donald (Swamp:4)
  A frost giant (Depths:4)
  2 ghouls (Swamp:2)
  5 ghost moths
  10 emperor scorpions
  2 orc warlords
  Gastronok (Orc:2)
  A balrug (Depths:2)
  4 stone giants
  6 rakshasas
  2 vampire knights
  Azrael (D:15)
  An ettin (Depths:1)
  6 dire elephants
  A mummy priest (WizLab)
  A green death (Swamp:4)
  Snorg (Lair:5)
  2 fire dragons
  11 vault guards
  4 yaktaur captains
  A minotaur (Spider:5)
  Josephine (Orc:2)
  2 great orbs of eyes (Depths:4)
  Fannar (D:14)
  A ravenous feature mimic (Lair:8)
  5 ice dragons
  2 shambling mangroves (Swamp:5)
  41 hydras
  5 alligators
  2 deep troll earth magi
  12 death yaks
  A deep troll shaman (Depths:4)
  5 centaur warriors
  A vampire mage (D:15)
  4 ogre magi
  A spriggan berserker (Depths:4)
  3 tengu warriors
  A soul eater (WizLab)
  A catoblepas (Depths:1)
  5 very ugly things
  An orc high priest (Depths:2)
  2 deep elf knights
  2 sun demons (Depths:2)
  2 skeletal warriors (D:15)
  A spatial maelstrom (Abyss:1)
  Erolcha (D:11)
  3 iron trolls
  17 orb spiders
  8 swamp dragons
  A gelid demonspawn (Depths:3)
  4 deep trolls
  6 unseen horrors
  An infernal demonspawn (Depths:3)
  2 wizards
  An unseen horror (shapeshifter) (D:14)
  4 large abominations (Depths:3)
  2 necromancers
  2 orc knights (Depths:2)
  Pikel (D:6)
  A putrid demonspawn (Depths:3)
  A spriggan druid (Swamp:4)
  3 hill giants
  Joseph (Orc:2)
  A very ugly thing zombie (WizLab)
  6 red wasps
  An orc sorcerer (Depths:2)
  40 wolf spiders
  A sphinx zombie (WizLab)
  4 manticores
  The ghost of zkyp the Carver, an experienced HESk (D:6)
  A griffon (Lair:8)
  A salamander (shapeshifter) (Depths:1)
  4 cyclopes
  A human zombie (WizLab)
  A salamander (Spider:5)
  2 frost giant zombies
  An octopode (Swamp:5)
  Maurice (D:9)
  2 moths of wrath
  2 demonspawn zombies (WizLab)
  A queen ant (Spider:2)
  A sixfirhy (Lair:6)
  8 black mambas
  An eye of devastation (D:10)
  An orange demon (Depths:3)
  A smoke demon (Abyss:1)
  A feature mimic (Lair:6)
  24 spiny frogs
  An item mimic (Orc:2)
  A vapour (Swamp:2)
  A guardian serpent (Lair:8)
  An emperor scorpion zombie (Abyss:1)
  12 demonic crawlers
  3 gargoyles (D:15)
  An efreet (D:11)
  An iron troll zombie (WizLab)
  10 komodo dragons
  A freezing wraith (D:15)
  A troll (shapeshifter) (Depths:1)
  A tengu conjurer (Depths:1)
  An ancient zyme (Abyss:1)
  A minotaur zombie (WizLab)
  Grinder (D:4)
  A fire drake (Lair:5)
  2 guardian mummies (WizLab)
  12 yaktaurs
  A red devil (Lair:6)
  4 hellwings
  4 trolls
  23 jumping spiders
  9 boggarts
  2 giant leeches (Swamp:3)
  19 polar bears
  2 raiju (Abyss:1)
  5 baby alligators (Swamp:3)
  6 giant fireflies
  5 slime creatures
  Prince Ribbit (D:5)
  21 blink frogs
  15 ravens
  6 two-headed ogres
  A fire dragon zombie (WizLab)
  A stone giant simulacrum (Depths:1)
  8 bog bodies (Swamp:2)
  4 brown oozes (Lair:7)
  9 grizzly bears (Lair:8)
  3 boulder beetles
  A fire giant simulacrum (Depths:1)
  A wraith (D:14)
  3 ettin zombies (WizLab)
  2 water elementals (D:14)
  56 redbacks
  7 spriggans
  5 basilisks
  3 thorn lotuses
  3 wyverns
  2 hungry ghosts (D:9)
  16 trapdoor spiders
  A deep troll skeleton (Depths:1)
  An ettin skeleton (Depths:1)
  A hill giant zombie (D:13)
  4 fire elementals
  14 sharks
  26 tarantellas
  5 shadows (Swamp:2)
  A hell beast (Depths:3)
  An ice dragon skeleton (D:15)
  Eustachio (D:9)
  28 ugly things
  23 vampire mosquitoes
  A steam dragon (D:10)
  65 yaks
  An elephant slug (Lair:6)
  Grum (D:11)
  31 wolves
  8 hippogriffs
  A soldier ant (Spider:2)
  2 chaos spawn (Depths:3)
  A neqoxec (WizLab)
  9 small abominations
  Menkaure (D:4)
  A torturous demonspawn zombie (WizLab)
  6 wargs
  23 water moccasins
  13 swamp worms
  A mottled dragon (D:14)
  A glowing shapeshifter skeleton (D:15)
  11 ice beasts
  2 soldier ants (shapeshifter)
  5 hell hounds
  8 porcupines
  28 spiders
  4 yellow wasps
  3 sky beasts
  2 phantoms (D:8)
  15 swamp drakes
  22 ogres
  29 orc warriors
  6 black bears (Lair:8)
  10 centaurs
  11 crocodiles
  6 giant goldfish
  A hill giant simulacrum (D:14)
  A boring beetle (D:15)
  A yaktaur zombie (D:15)
  6 giant slugs
  3 big kobolds
  17 giant frogs
  3 gnoll sergeants
  A cyclops zombie (D:13)
  A human simulacrum (Depths:1)
  13 scorpions
  7 killer bees
  14 insubstantial wisps
  A boulder beetle zombie (WizLab)
  4 eyes of draining
  A hippogriff zombie (D:8)
  A shapeshifter skeleton (D:15)
  4 electric eels
  13 crimson imps
  18 hounds
  3 wights (D:7)
  29 orc priests
  5 big fish
  3 gnoll shamans (D:6)
  7 goliath beetles
  5 quasits
  Crazy Yiuf (D:5)
  A giant frog skeleton (D:10)
  5 iron imps
  10 iguanas
  30 orc wizards
  19 worker ants
  14 sheep
  A brain worm zombie (D:12)
  A big kobold skeleton (D:5)
  A hound skeleton (D:10)
  2 mummies
  32 adders
  11 gnolls
  31 green rats
  A gnoll skeleton (D:6)
  5 shadow imps
  5 white imps
  6 worms
  4 giant mites
  9 ufetubi
  3 giant eyeballs
  7 giant geckos
  An ooze (D:2)
  155 orcs
  7 giant cockroaches
  34 hobgoblins
  26 jackals
  8 quokkas
  4 ball pythons
  21 bats
  A giant gecko skeleton (D:7)
  3 giant newts
  32 goblins
  A goblin skeleton (Orc:2)
  A hobgoblin zombie (D:6)
  A jackal zombie (D:7)
  36 kobolds
  3 orc simulacra
  An orc skeleton (Orc:2)
  2 orc zombies
  22 rats
  A rat skeleton (D:5)
  A fungus (Lair:3)
  2 plants
1806 creatures vanquished.

Vanquished Creatures (collateral kills)
  A golden dragon (Depths:2)
  An ettin (Depths:1)
  A vault guard (D:13)
  A hydra (Swamp:4)
  A rakshasa (D:15)
  A shambling mangrove (Swamp:4)
  A death yak (Lair:3)
  An alligator (Swamp:4)
  Nergalle (Lair:1)
  2 spriggans (Swamp:3)
  A very ugly thing (Depths:2)
  3 deep trolls (Depths:2)
  A spriggan druid (Swamp:5)
  An orb spider (Spider:2)
  2 wolf spiders
  A cyclops (D:14)
  A spiny frog (Swamp:1)
  2 yaktaurs (Depths:2)
  2 giant fireflies (Swamp:3)
  A blink frog (Lair:4)
  2 giant leeches (Swamp:4)
  2 jumping spiders (Spider:5)
  2 ravens
  A basilisk (Lair:1)
  A thorn lotus (Swamp:5)
  6 redbacks
  2 tarantellas
  A shadow (Swamp:2)
  A trapdoor spider (Spider:2)
  An ugly thing (D:14)
  2 vampire mosquitoes (Swamp:1)
  A swamp worm (shapeshifter) (Depths:1)
  A swamp worm (Swamp:5)
  An orc priest (D:6)
  A water moccasin (Swamp:5)
  3 orc warriors (Depths:2)
  An ogre (D:15)
  A spider (Spider:5)
  A swamp drake (Swamp:5)
  Sigmund (D:5)
  2 centaurs (Depths:1)
  An insubstantial wisp (Swamp:5)
  5 wights (D:6)
  A crimson imp (Depths:4)
  A quasit (Depths:4)
  A sheep (D:14)
  2 gnolls (D:5)
  2 shadow imps
  3 white imps
  3 ufetubi
  5 orcs
  2 kobolds (D:6)
  A spectral orc (Lair:1)
  2 plants
89 creatures vanquished.

Vanquished Creatures (others)
  A tengu reaver (Depths:4)
  Nessos (Orc:3)
  An ogre mage (Spider:5)
  A swamp dragon (Swamp:4)
  An orb spider (Depths:1)
  A manticore (Swamp:3)
  A sixfirhy (Depths:2)
  A cyclops (Swamp:3)
  An orange demon (Lair:3)
  8 fire elementals
  A tengu conjurer (Spider:5)
  A boggart (Depths:1)
  2 polar bears (IceCv)
  2 ravens (Swamp:4)
  A griffon zombie (Swamp:3)
  6 redbacks
  A stone giant simulacrum (Depths:1)
  2 trapdoor spiders
  An earth elemental (WizLab)
  An ugly thing (Depths:2)
  A shadow (Swamp:5)
  A wolf (IceCv)
  3 slaves (D:6)
  A centaur (Swamp:4)
  A giant frog (Swamp:5)
  10 quasits
  5 crimson imps
  An iron imp (Depths:4)
  A jelly (Swamp:2)
  An orc wizard (Depths:2)
  13 white imps
  10 shadow imps
  12 ufetubi
  An orc (D:6)
  A bat skeleton (D:6)
  2 giant cockroaches (D:6)
  2 hobgoblins (D:6)
  9 fungi
  7 plants
117 creatures vanquished.

Grand Total: 2012 creatures vanquished

Notes
Turn   | Place    | Note
--------------------------------------------------------------
     0 | D:1      | Sabsy, the Minotaur Chaos Knight, began the quest for the Orb.
     0 | D:1      | Reached XP level 1. HP: 19/19 MP: 1/1
    56 | D:1      | Reached skill level 4 in Fighting
    66 | D:1      | Reached XP level 2. HP: 20/27 MP: 1/1
   169 | D:1      | XOM: harmless Ice miscast
   365 | D:1      | Reached XP level 3. HP: 33/33 MP: 2/2
   378 | D:1      | XOM: harmless Divn miscast
   707 | D:2      | XOM: divination: detect creatures
   767 | D:2      | XOM: divination: detect items
   942 | D:2      | XOM is BORED!
   942 | D:2      | XOM: summons 3 hostile shadow creatures
   990 | D:2      | XOM: mild Hex miscast
   995 | D:2      | Reached XP level 4. HP: 18/41 MP: 2/2
  1006 | D:2      | XOM: divination: detect items
  1098 | D:2      | XOM: god gift: bloodstained steam dragon armour {god gift}
  1099 | D:2      | Got a bloodstained steam dragon armour {god gift}
  1107 | D:2      | XOM: divination: magic mapping
  1109 | D:2      | Identified the +4 steam dragon armour "Chuegh" {Str+2 Dex+3} (Xom gifted it to you on level 2 of the Dungeon)
  1208 | D:2      | Found a bloodstained altar of Trog.
  1209 | D:2      | Found a blossoming altar of Fedhas.
  1326 | D:2      | Reached skill level 5 in Maces & Flails
  1975 | D:3      | Reached XP level 5. HP: 47/47 MP: 2/2
  2135 | D:4      | Noticed Grinder
  2239 | D:4      | Paralysed by Grinder for 4 turns
  2244 | D:3      | Gained mutation: Your spells are a little harder to cast, but a little more powerful. [potion of beneficial mutation]
  2260 | D:4      | Killed Grinder
  2260 | D:4      | Reached skill level 6 in Maces & Flails
  2260 | D:4      | Reached XP level 6. HP: 38/53 MP: 3/3
  2306 | D:4      | Noticed Menkaure
  2314 | D:4      | Killed Menkaure
  2336 | D:4      | XOM: 5-stop teleportation journey
  2360 | D:4      | Found Osuisatut's Antique Weapon Emporium.
  2387 | D:4      | Reached XP level 7. HP: 52/60 MP: 3/3
  2395 | D:4      | Reached skill level 5 in Armour
  2619 | D:4      | Found Psoop's General Store.
  2664 | D:4      | Found Brokh's Gadget Emporium.
  2698 | D:4      | Noticed Natasha
  2716 | D:4      | Reached skill level 7 in Maces & Flails
  2783 | D:4      | Found a radiant altar of Vehumet.
  2882 | D:5      | Entered Level 5 of the Dungeon
  2884 | D:5      | Noticed Prince Ribbit
  2885 | D:5      | Found an ancient bone altar of Kikubaaqudgha.
  2889 | D:5      | Paralysed by a giant eyeball for 4 turns
  2892 | D:5      | HP: 3/60 [orc priest/divine providence (8)]
  2976 | D:4      | XOM: give mutation
  2976 | D:4      | Gained mutation: You are partially covered in icy blue scales (AC +1). [Xom's mischief]
  3132 | D:4      | XOM: colour smoke trail
  3248 | D:4      | XOM: god gift: bubbling brown potion
  3362 | D:5      | XOM: vitrification
  3367 | D:5      | XOM: torment (31/60 hp)
  3527 | D:5      | Got a twitching garnet amulet
  3538 | D:5      | Identified the amulet of the Moon {Faith rN+ MR+} (You found it on level 5 of the Dungeon)
  3589 | D:5      | Noticed Crazy Yiuf
  3600 | D:5      | Killed Crazy Yiuf
  3669 | D:5      | Found a glowing silver altar of Zin.
  3669 | D:5      | Found a white marble altar of Elyvilon.
  3672 | D:5      | Found a deep blue altar of Sif Muna.
  3673 | D:5      | Found a basalt altar of Yredelemnul.
  3735 | D:5      | Noticed Sigmund
  3736 | D:5      | XOM: summons friendly quasit
  3750 | D:5      | Killed Sigmund
  3774 | D:5      | Found Xougec's General Store.
  3786 | D:5      | XOM: enchant monster (good)
  3787 | D:5      | XOM: potion effect (heal wounds)
  3802 | D:5      | XOM: potion effect (haste)
  3829 | D:5      | XOM: silly message
  3838 | D:5      | XOM: summons 3 friendly demons
  3841 | D:5      | Killed Prince Ribbit
  3852 | D:5      | Reached skill level 5 in Shields
  3868 | D:5      | Reached XP level 8. HP: 36/67 MP: 3/3
  3896 | D:5      | XOM: noise
  4454 | D:5      | Reached skill level 8 in Maces & Flails
  4604 | D:6      | Noticed zkyp's ghost (experienced HESk)
  4628 | D:6      | XOM: enchant monster (good)
  4633 | D:6      | XOM: swap monsters
  4634 | D:6      | XOM: summons 8 friendly demons
  4657 | D:6      | Killed zkyp's ghost
  4668 | D:6      | XOM: enchant monster (good)
  4680 | D:6      | XOM: confuse monster(s)
  4687 | D:6      | XOM: summons friendly shadow imp
  4732 | D:6      | Noticed Pikel
  4745 | D:6      | XOM: swap monsters
  4747 | D:6      | Killed Pikel
  4747 | D:6      | Reached skill level 9 in Maces & Flails
  4786 | D:6      | XOM: confusion
  4796 | D:6      | XOM: inner flame monster(s)
  4797 | D:6      | Reached XP level 9. HP: 68/72 MP: 4/4
  4861 | D:6      | XOM: give mutation
  4861 | D:6      | Gained mutation: Your mind is acute. (Int +2) [Xom's grace]
  4969 | D:6      | XOM: mild Ice miscast
  5078 | D:6      | Found an ancient bone altar of Kikubaaqudgha.
  5078 | D:6      | XOM: 2-stop teleportation journey
  5230 | D:6      | XOM: silly message
  5265 | D:6      | XOM: summons 9 friendly demons
  5330 | D:6      | XOM: summons 4 hostile demons
  5377 | D:6      | Noticed a smoke demon
  5377 | D:6      | a chaos spawn changed into a smoke demon
  5377 | D:6      | XOM: polymorph chaos spawn -> smoke demon
  5669 | D:6      | XOM: mild Necr miscast
  5680 | D:6      | XOM: draining
  5824 | D:6      | Found a staircase to the Ecumenical Temple.
  5831 | Temple   | Entered the Ecumenical Temple
  6069 | D:7      | Found a glowing golden altar of the Shining One.
  6170 | D:7      | Reached skill level 10 in Maces & Flails
  6177 | D:7      | XOM: silly message
  6179 | D:7      | Found Baoff's Distillery.
  6179 | D:7      | XOM: 2-stop teleportation journey
  6182 | D:7      | Bought a potion of strong poison for 20 gold pieces
  6789 | D:8      | Got an encrusted scale mail
  6802 | D:8      | Identified the cursed -4 scale mail "Kexkiumead" {rC++ Dex+3} (You found it on level 8 of the Dungeon)
  6826 | D:8      | XOM: noise
  6840 | D:8      | Reached XP level 10. HP: 80/80 MP: 4/4
  7076 | D:8      | XOM: summons 5 hostile demons
  7080 | D:8      | XOM: blink monster(s)
  7113 | D:8      | Reached skill level 10 in Armour
  7123 | D:8      | XOM: medium Summ miscast
  7169 | D:8      | Got a smoking plate armour
  7180 | D:8      | Identified the +9 plate armour "Pnacan" {rF+ Str+2 Int+2 Stlth+} (You found it on level 8 of the Dungeon)
  7205 | D:8      | XOM: summons 5 hostile demons
  7206 | D:8      | Noticed an ice devil
  7245 | D:8      | XOM: confusion
  7310 | D:9      | Noticed Maurice
  7317 | D:9      | Reached skill level 11 in Maces & Flails
  7335 | D:9      | Killed Maurice
  7432 | D:9      | XOM: cast spell 'Ice Form'
  7456 | D:9      | XOM: harmless Summ miscast
  7495 | D:9      | XOM: confuse monster(s)
  7561 | D:9      | XOM: enchant monster (bad)
  7573 | D:9      | XOM: medium Chrm miscast
  7648 | D:9      | Reached skill level 10 in Shields
  7677 | D:9      | XOM: enchant monster (good)
  7683 | D:9      | XOM: confuse monster(s)
  7714 | D:9      | XOM: noise
  7828 | D:9      | Noticed Eustachio
  7835 | D:9      | XOM: give mutations
  7835 | D:9      | Gained mutation: You have supernaturally acute eyesight. [Xom's grace]
  7835 | D:9      | Gained mutation: Your digestive system is specialised to digest meat. [Xom's grace]
  7835 | D:9      | Gained mutation: Your spells are harder to cast, but more powerful. [Xom's grace]
  7835 | D:9      | Gained mutation: You are resistant to hostile enchantments. [Xom's grace]
  7844 | D:9      | Killed Eustachio
  8043 | D:9      | XOM: mild Summ miscast
  8188 | D:10     | Entered Level 10 of the Dungeon
  8499 | D:10     | Noticed a hill giant
  8528 | D:10     | XOM: 1-stop teleportation journey
  8611 | D:10     | XOM: cast spell 'Olgreb's Toxic Radiance'
  8620 | D:10     | XOM: polymorph black bear -> blink frog
  8623 | D:10     | XOM: divination: magic mapping
  8665 | D:10     | XOM: enchant monster (good)
  8671 | D:10     | Noticed a harpy
  8673 | D:10     | XOM: summons friendly ufetubus
  8677 | D:10     | XOM: summons friendly ufetubus
  8688 | D:10     | a hill giant changed into an eye of devastation
  8688 | D:10     | XOM: polymorph hill giant -> eye of devastation
  8689 | D:10     | XOM: inner flame monster(s)
  8691 | D:10     | XOM: cast spell 'Discord'
  8693 | D:10     | a harpy changed into a troll
  8699 | D:10     | Reached skill level 12 in Maces & Flails
  8752 | D:10     | Found a staircase to the Lair.
  9029 | D:10     | XOM: enchant monster (good)
  9031 | D:10     | Reached XP level 11. HP: 64/85 MP: 4/4
  9222 | D:10     | XOM: vitrification
  9231 | D:10     | Noticed an eight-headed hydra
  9342 | Lair:1   | Entered Level 1 of the Lair of Beasts
  9435 | Lair:1   | XOM: potion effect (agility)
  9598 | Lair:1   | Noticed Nergalle
  9703 | Lair:1   | XOM: blink monster(s)
  9704 | Lair:1   | XOM: summons 6 friendly demons
  9725 | Lair:1   | Killed Nergalle
  9919 | Lair:1   | XOM: god gift: 3 meat rations
  9960 | Lair:1   | XOM: medium Conj miscast
 10013 | Lair:1   | XOM: medium Erth miscast
 10028 | Lair:1   | XOM: 4-stop teleportation journey
 10291 | Lair:1   | XOM: confusion (+ monsters)
 10344 | Lair:1   | XOM: harmless Divn miscast
 10756 | Lair:2   | Noticed an eight-headed hydra
 10765 | Lair:2   | Killed an eight-headed hydra
 10873 | Lair:2   | XOM: give mutations
 10873 | Lair:2   | Gained mutation: You are partially covered in large bone plates (AC +2, SH +2). [Xom's mischief]
 10873 | Lair:2   | Gained mutation: You are frail (-10% HP). [Xom's mischief]
 10940 | Lair:2   | XOM: harmless Erth miscast
 10952 | Lair:2   | Reached skill level 13 in Maces & Flails
 11050 | Lair:2   | XOM: give mutations
 11050 | Lair:2   | Lost mutation: Your spells are harder to cast, but more powerful. [Xom's mischief]
 11050 | Lair:2   | Lost mutation: Your digestive system is specialised to digest meat. [Xom's mischief]
 11270 | Lair:2   | XOM: scenery: 1 doors close
 11301 | Lair:2   | XOM: colour smoke trail
 11412 | Lair:3   | Got a polished shield
 11455 | Lair:2   | Identified the +1 shield "Duesick" {Str+3 Dam+4} (You found it on level 3 of the Lair of Beasts)
 11493 | Lair:3   | Found a staircase to the Swamp.
 11499 | Lair:3   | Reached skill level 1 in Evocations
 11522 | Lair:3   | XOM: cast spell 'Metabolic Englaciation'
 11645 | Lair:3   | XOM: potion effect (agility)
 11746 | Lair:3   | Noticed a seven-headed hydra
 11746 | Lair:3   | XOM: cast spell 'Summon Butterflies'
 11753 | Lair:3   | XOM: polymorph butterfly -> gnoll
 11757 | Lair:3   | Killed a seven-headed hydra
 11958 | Lair:3   | Found a hole to the Spider Nest.
 11961 | Lair:3   | Reached XP level 12. HP: 82/82 MP: 12/12
 12023 | Lair:3   | Noticed a six-headed hydra
 12032 | Lair:3   | Killed a six-headed hydra
 12081 | Lair:3   | Noticed a death yak
 12082 | Lair:3   | Noticed a death yak
 12111 | Lair:3   | XOM: harmless Chrm miscast
 12161 | Lair:3   | Noticed a death yak
 12168 | Lair:3   | Noticed a death yak
 12168 | Lair:3   | Noticed a death yak
 12172 | Lair:3   | Noticed a death yak
 12180 | Lair:3   | Killed a death yak
 12189 | Lair:3   | Killed a death yak
 12196 | Lair:3   | XOM: divination: detect items
 12216 | Lair:3   | XOM: enchant monster (good)
 12224 | Lair:3   | XOM: swap monsters
 12243 | Lair:3   | XOM: swap monsters
 12248 | Lair:3   | XOM: inner flame monster(s)
 12251 | Lair:3   | XOM: summons 11 friendly demons
 12258 | Lair:3   | Killed a death yak
 12318 | Lair:3   | XOM: inner flame monster(s)
 12325 | Lair:3   | Noticed an azure jelly
 12325 | Lair:3   | a death yak changed into an azure jelly
 12325 | Lair:3   | XOM: polymorph death yak -> azure jelly
 12353 | Lair:3   | XOM: 2-stop teleportation journey
 12362 | Lair:3   | XOM: polymorph yak -> unseen horror
 12363 | Lair:2   | XOM: enchant monster (good)
 12562 | Lair:2   | XOM: give mutations
 12562 | Lair:2   | Gained mutation: Your mind is very acute. (Int +4) [Xom's grace]
 12562 | Lair:2   | Gained mutation: You have large cloven feet. [Xom's grace]
 12562 | Lair:2   | Gained mutation: Your flesh is cold resistant. [Xom's grace]
 12793 | Lair:3   | XOM: swap monsters
 12798 | Lair:3   | XOM: god gift: opal ring {god gift}
 12799 | Lair:3   | Killed a death yak
 12799 | Lair:3   | Reached skill level 5 in Evocations
 12829 | Lair:3   | XOM: god gift: rare book {god gift}
 12830 | Lair:3   | Identified Xom's Handbook of the Stallion (Xom gifted it to you on level 3 of the Lair of Beasts)
 12863 | Lair:3   | XOM: enchant monster (good)
 12902 | Lair:3   | XOM: cast spell 'Ring of Flames'
 12910 | Lair:3   | Killed an azure jelly
 13022 | Lair:3   | Killed a death yak
 13024 | Lair:3   | Reached skill level 14 in Armour
 13271 | Lair:3   | XOM: vitrification
 13296 | Lair:3   | XOM: give mutations
 13296 | Lair:3   | Gained mutation: You are partially covered in molten scales (AC +1). [Xom's grace]
 13296 | Lair:3   | Gained mutation: Your digestive system is specialised to digest meat. [Xom's grace]
 13296 | Lair:3   | Gained mutation: You have a beak for a mouth. [Xom's grace]
 13453 | Lair:3   | XOM: cast spell 'Necromutation'
 13653 | Lair:4   | XOM: vitrification
 13671 | Lair:4   | Noticed a seven-headed hydra
 13674 | Lair:4   | XOM: god gift: 57 gold pieces
 13678 | Lair:4   | Killed a seven-headed hydra
 13722 | Lair:4   | Found a frozen archway.
 13770 | Lair:4   | XOM: 1-stop teleportation journey
 13793 | Lair:4   | XOM: summons 12 friendly demons
 13876 | IceCv    | Entered an ice cave
 13916 | IceCv    | XOM: polymorph yak -> shapeshifter
 13958 | IceCv    | XOM: summons friendly shadow imp
 13963 | IceCv    | XOM: divination: detect creatures
 13978 | IceCv    | XOM: divine lightning (protected)
 13983 | IceCv    | Reached XP level 13. HP: 82/89 MP: 19/19
 14099 | IceCv    | XOM: summons 2 friendly demons
 14114 | IceCv    | XOM: divine lightning (protected)
 14122 | IceCv    | XOM: summons 1 friendly demon
 14163 | IceCv    | Got a heavily runed buckler
 14179 | IceCv    | Reached skill level 15 in Armour
 14196 | IceCv    | Noticed a frost giant
 14196 | IceCv    | XOM: potion effect (experience)
 14196 | IceCv    | Reached skill level 15 in Shields
 14196 | IceCv    | Reached XP level 14. HP: 89/94 MP: 21/21
 14199 | IceCv    | XOM: enchant monster (good)
 14212 | IceCv    | XOM: summons friendly shadow imp
 14242 | IceCv    | XOM: summons 5 friendly demons
 14243 | IceCv    | XOM: cast spell 'Chain of Chaos'
 14295 | IceCv    | XOM: inner flame monster(s)
 14501 | IceCv    | XOM: summons 5 friendly demons
 14519 | IceCv    | XOM: enchant monster (good)
 14528 | IceCv    | XOM: give mutations
 14528 | IceCv    | Lost mutation: You are frail (-10% HP). [Xom's mischief]
 14528 | IceCv    | Lost mutation: You are partially covered in icy blue scales (AC +1). [Xom's mischief]
 14528 | IceCv    | Gained mutation: Your magical capacity is low (-10% MP). [Xom's mischief]
 14755 | IceCv    | Got a shimmering chain mail
 14803 | IceCv    | XOM: 3-stop teleportation journey
 15147 | Lair:4   | XOM: cast spell 'Summon Butterflies'
 15226 | Lair:4   | Identified the +8 chain mail "Smeesh Thuy" {rF+} (You found it in an ice cave)
 15227 | Lair:4   | Identified the +3 buckler "Zehemori" {+Fly rPois Curse} (You found it in an ice cave)
 15396 | Lair:4   | XOM: confuse monster(s)
 15408 | Lair:4   | Reached skill level 16 in Armour
 15652 | Lair:4   | XOM: summons 1 hostile demon
 15675 | Lair:5   | Cast into the Abyss (Xom)
 15676 | Abyss:1  | Found a corrupted altar of Lugonu.
 15712 | Lair:5   | Escaped the Abyss
 15998 | Lair:5   | Noticed Snorg
 16006 | Lair:5   | Killed Snorg
 16559 | Lair:5   | Identified a scroll of acquirement
 16656 | Lair:6   | XOM: confusion (+ monsters)
 16756 | Lair:6   | XOM: polymorph blink frog -> jumping spider
 16781 | Lair:6   | Found a hole to the Spider Nest.
 16785 | Lair:6   | XOM: summons 6 hostile demons
 16838 | Lair:6   | the hole to the Spider Nest was a mimic.
 16859 | Lair:6   | Identified Sif Muna's Sophisticated Spellcasting
 17022 | Lair:6   | XOM: summons 7 hostile demons
 17199 | Lair:6   | Reached skill level 17 in Armour
 17292 | Lair:6   | XOM: noise
 17462 | Lair:6   | XOM: medium Chrm miscast
 17702 | Lair:7   | XOM: harmless Divn miscast
 17843 | Lair:7   | Found a staircase to the Slime Pits.
 18004 | Lair:7   | XOM: mild Conj miscast
 18255 | Lair:8   | Entered Level 8 of the Lair of Beasts
 18280 | Lair:8   | XOM: blink monster(s)
 18309 | Lair:8   | XOM: enchant monster (bad)
 18310 | Lair:8   | XOM: confuse monster(s)
 18349 | Lair:8   | Reached XP level 15. HP: 111/111 MP: 21/21
 18429 | Lair:8   | Reached skill level 18 in Armour
 18485 | Lair:8   | XOM: vitrification
 18531 | Lair:8   | XOM: noise
 18651 | Lair:8   | XOM: vitrification
 18689 | Lair:8   | XOM: harmless Summ miscast
 18696 | Lair:8   | Reached skill level 10 in Evocations
 19062 | Lair:8   | XOM: divination: detect creatures
 19191 | Lair:8   | XOM: potion effect (agility)
 19247 | Lair:8   | XOM: cast spell 'Dispersal'
 19256 | Lair:8   | XOM: potion effect (agility)
 19270 | Lair:8   | Reached skill level 19 in Armour
 19542 | Lair:8   | XOM: harmless Ice miscast
 19898 | Lair:8   | XOM: silly message
 19989 | Lair:6   | XOM: harmless Summ miscast
 20392 | Spider:1 | Entered Level 1 of the Spider Nest
 20592 | Spider:1 | XOM: harmless Ice miscast
 20685 | Spider:1 | XOM: divination: magic mapping
 20686 | Spider:1 | XOM: divination: detect items
 20692 | Spider:1 | XOM: confuse monster(s)
 20935 | Spider:1 | XOM: potion effect (brilliance)
 20936 | Spider:1 | XOM: silly message
 21181 | Spider:1 | XOM: divination: magic mapping
 21435 | Spider:2 | XOM: harmless Erth miscast
 21646 | Spider:2 | Reached skill level 20 in Armour
 21675 | Spider:2 | XOM: divination: detect items
 21908 | Spider:2 | XOM: harmless Tloc miscast
 21931 | Spider:2 | XOM: polymorph jumping spider -> manticore
 21975 | Spider:2 | XOM: divination: detect items
 21999 | Spider:2 | Got a scintillating lapis lazuli ring
 22008 | Spider:2 | Identified the ring "Viucaust" {rC++ Dex+4} (You found it on level 2 of the Spider Nest)
 22027 | Spider:2 | XOM: confusion (+ monsters)
 22071 | Spider:2 | XOM: enchant monster (good)
 22333 | Spider:2 | XOM: summons 7 hostile demons
 22508 | Spider:2 | XOM: cast spell 'Monstrous Menagerie'
 22565 | Spider:2 | Reached XP level 16. HP: 89/118 MP: 24/24
 22566 | Spider:2 | XOM: god gift: beef jerky
 23069 | Spider:3 | XOM: polymorph tarantella -> moth of wrath
 23070 | Spider:3 | XOM: medium Ice miscast
 23073 | Spider:3 | XOM: inner flame monster(s)
 23205 | Spider:2 | XOM: noise
 23301 | Spider:2 | XOM: colour smoke trail
 23313 | Spider:3 | XOM: blink monster(s)
 23366 | Spider:3 | XOM: noise
 23375 | Spider:3 | XOM: confusion (+ monsters)
 23383 | Spider:3 | XOM: harmless Trmt miscast
 23424 | Spider:3 | XOM: mild Ice miscast
 23429 | Spider:3 | XOM: noise
 23449 | Spider:3 | XOM: harmless Divn miscast
 23791 | Spider:3 | XOM: noise
 23845 | Spider:4 | Reached skill level 21 in Armour
 23871 | Spider:4 | Noticed Nikola
 24245 | Spider:4 | Noticed dadoka's ghost (mighty MiFi)
 24404 | Spider:4 | Noticed Frances
 24533 | Spider:4 | XOM: summons friendly crimson imp
 24538 | Spider:4 | XOM: divination: detect items
 24565 | Spider:4 | Killed dadoka's ghost
 24697 | Spider:3 | XOM: colour smoke trail
 24740 | Spider:3 | XOM: silly message
 24896 | Spider:4 | XOM: noise
 24899 | Spider:4 | XOM: potion effect (invisibility)
 24907 | Spider:4 | Killed Frances
 25104 | Spider:4 | XOM: inner flame monster(s)
 25117 | Spider:4 | Killed Nikola
 25375 | Spider:4 | XOM: silly message
 25396 | Spider:5 | Entered Level 5 of the Spider Nest
 25494 | Spider:5 | XOM: silly message
 25807 | Spider:5 | XOM: inner flame monster(s)
 25954 | Spider:5 | XOM: mild Tloc miscast
 26024 | Spider:5 | XOM: noise
 26065 | Spider:5 | XOM: harmless Trmt miscast
 26211 | Spider:5 | XOM: polymorph orb spider -> spiny frog
 26232 | Spider:5 | Gained mutation: You are covered in fur (AC +1). [mutagenic meat]
 26545 | Spider:5 | XOM: polymorph orb spider -> salamander
 26588 | Spider:5 | XOM: potion effect (invisibility)
 26594 | Spider:5 | XOM: divination: detect items
 26619 | Spider:5 | XOM: potion effect (haste)
 26633 | Spider:5 | XOM: potion effect (agility)
 26884 | Spider:5 | XOM: potion effect (haste)
 26895 | Spider:5 | XOM: enchant monster (bad)
 26897 | Spider:5 | XOM: cast spell 'Cause Fear'
 26902 | Spider:5 | XOM: harmless Trmt miscast
 26908 | Spider:5 | XOM: summons 2 friendly demons
 26925 | Spider:5 | Reached XP level 17. HP: 79/124 MP: 26/26
 26942 | Spider:5 | XOM: god gift: glowing sapphire ring {god gift}
 26945 | Spider:5 | XOM: enchant monster (good)
 26965 | Spider:5 | XOM: potion effect (magic)
 26972 | Spider:5 | XOM: polymorph ghost moth -> minotaur
 27012 | Spider:5 | Got a gossamer rune of Zot
 27110 | Spider:5 | XOM: potion effect (invisibility)
 27354 | Spider:5 | XOM: god gift: long runed rod {god gift}
 27382 | Spider:5 | Identified a +1 rod of shadows (9/9) (Xom gifted it to you on level 5 of the Spider Nest)
 27640 | Spider:4 | XOM: vitrification
 27680 | Spider:3 | XOM: mild Necr miscast
 27713 | Spider:2 | XOM: vitrification
 27909 | Swamp:1  | Entered Level 1 of the Swamp
 28049 | Swamp:1  | XOM: enchant monster (good)
 28246 | Swamp:2  | XOM: polymorph swamp worm -> cyclops
 28251 | Swamp:2  | Reached skill level 22 in Armour
 28323 | Swamp:2  | XOM: inner flame monster(s)
 28345 | Swamp:2  | XOM: potion effect (might)
 28348 | Swamp:2  | XOM: confuse monster(s)
 28357 | Swamp:2  | XOM: enchant monster (bad)
 28366 | Swamp:2  | XOM: enchant monster (bad)
 28479 | Swamp:2  | XOM: severe Necr miscast
 28673 | Swamp:2  | XOM: harmless Tloc miscast
 28824 | Swamp:2  | XOM: blink monster(s)
 28843 | Swamp:2  | XOM: silly message
 28906 | Swamp:2  | XOM: blink monster(s)
 28948 | Swamp:2  | XOM: enchant monster (good)
 29000 | Swamp:2  | XOM: god gift: scroll labeled MOKHLU HIOCK
 29178 | Swamp:3  | XOM: summons 11 friendly demons
 29201 | Swamp:3  | XOM: divination: detect creatures
 29340 | Swamp:3  | XOM: enchant monster (good)
 29641 | Swamp:2  | XOM: medium Hex miscast
 29785 | Swamp:3  | XOM: potion effect (invisibility)
 30296 | Swamp:3  | XOM: summons 3 friendly demons
 30316 | Swamp:3  | XOM: swap monsters
 30323 | Swamp:3  | XOM: summons 6 friendly demons
 30516 | Swamp:4  | XOM: inner flame monster(s)
 30528 | Swamp:4  | XOM: give mutations
 30528 | Swamp:4  | Gained mutation: Your natural rate of healing is unusually fast. [Xom's grace]
 30528 | Swamp:4  | Gained mutation: You are covered in thick fur (AC +2). [Xom's grace]
 30528 | Swamp:4  | Gained mutation: You are partially covered in iridescent scales (AC +4). [Xom's grace]
 30528 | Swamp:4  | Gained mutation: You have a pair of large horns on your head. [Xom's grace]
 30614 | Swamp:4  | XOM: inner flame monster(s)
 30731 | Swamp:4  | Noticed Donald
 30746 | Swamp:4  | Killed Donald
 30823 | Swamp:4  | Cast into the Abyss (Xom)
 31076 | Swamp:4  | Escaped the Abyss
 31427 | Swamp:4  | XOM: mild Hex miscast
 31449 | Swamp:5  | Entered Level 5 of the Swamp
 31468 | Swamp:4  | XOM: give mutation
 31468 | Swamp:4  | Gained mutation: You are agile. (Dex +2) [Xom's grace]
 31539 | Swamp:5  | XOM: snakes to sticks
 31563 | Swamp:4  | Reached XP level 18. HP: 80/130 MP: 27/27
 31731 | Swamp:5  | XOM: enchant monster (good)
 31764 | Swamp:5  | XOM: cast spell 'Dispersal'
 31766 | Swamp:5  | XOM: potion effect (berserk rage)
 32199 | D:7      | XOM: harmless Erth miscast
 32201 | D:7      | XOM: god gift: potion of curing
 32228 | D:7      | Bought a potion of haste for 70 gold pieces
 32228 | D:7      | Bought a potion of berserk rage for 30 gold pieces
 32369 | D:5      | Bought 2 potions of resistance for 182 gold pieces
 32454 | D:4      | Bought a wand of disintegration (12) for 176 gold pieces
 32454 | D:4      | Bought a stone of tremors for 440 gold pieces
 32639 | D:10     | XOM: divination: detect creatures
 32809 | Lair:1   | XOM: mild Divn miscast
 32888 | Swamp:1  | XOM: mild Necr miscast
 33142 | Swamp:5  | XOM: polymorph giant firefly -> octopode
 33162 | Swamp:5  | XOM: enchant monster (bad)
 33198 | Swamp:5  | Reached skill level 23 in Armour
 33214 | Swamp:5  | Got a decaying rune of Zot
 33262 | Swamp:5  | Upgraded the game from 0.14.0-7-g2801ba0 to 0.14.0-12-g87ee3b7
 33286 | Swamp:4  | XOM: severe Summ miscast
 33435 | D:11     | XOM: confusion (+ monsters)
 33440 | D:11     | XOM: mild Necr miscast
 33478 | D:11     | Found Fuibif's Magic Scroll Shoppe.
 33487 | D:11     | Bought a scroll of enchant armour for 97 gold pieces
 33487 | D:11     | Bought 2 scrolls of identify for 52 gold pieces
 33487 | D:11     | Bought a scroll of enchant armour for 97 gold pieces
 33487 | D:11     | Bought a scroll of identify for 26 gold pieces
 33487 | D:11     | Bought a scroll of enchant armour for 97 gold pieces
 33487 | D:11     | Bought a scroll of identify for 26 gold pieces
 33487 | D:11     | Bought a scroll of enchant armour for 97 gold pieces
 33487 | D:11     | Bought a scroll of acquirement for 676 gold pieces
 33499 | D:11     | Got a heavily runed large shield
 33513 | D:11     | Identified the +0 large shield of Patterns {+Blink rElec} (You acquired it on level 11 of the Dungeon)
 33523 | D:11     | XOM: give mutations
 33523 | D:11     | Lost mutation: You have a pair of large horns on your head. [Xom's mischief]
 33523 | D:11     | Lost mutation: Your magical capacity is low (-10% MP). [Xom's mischief]
 33523 | D:11     | Lost mutation: You are agile. (Dex +2) [Xom's mischief]
 33687 | D:11     | Found a glowing golden altar of the Shining One.
 33710 | D:11     | XOM: noise
 33765 | D:11     | XOM: draining
 33847 | D:11     | Noticed Grum
 33862 | D:11     | Killed Grum
 34063 | D:11     | Noticed Erolcha
 34070 | D:11     | Killed Erolcha
 34228 | D:12     | Found a staircase to the Orcish Mines.
 34260 | Orc:1    | Entered Level 1 of the Orcish Mines
 34473 | Orc:1    | XOM: summons 4 hostile shadow creatures
 34570 | Orc:2    | Noticed Joseph
 34589 | Orc:2    | Killed Joseph
 34890 | Orc:2    | Reached skill level 15 in Evocations
 34999 | Orc:3    | Found Smouty's Jewellery Boutique.
 35039 | Orc:3    | Found Frimm's Antique Weapon Shop.
 35062 | Orc:3    | Found Ceenat's Assorted Antiques.
 35087 | Orc:3    | XOM: polymorph ogre -> basilisk
 35104 | Orc:3    | Bought a potion of curing for 50 gold pieces
 35104 | Orc:3    | Bought a scroll of recharging for 237 gold pieces
 35104 | Orc:3    | Bought a scroll of enchant weapon II for 137 gold pieces
 35128 | Orc:3    | XOM: summons 2 hostile shadow creatures
 35148 | Orc:3    | XOM: silly message
 35175 | Orc:3    | Noticed Nessos
 35180 | Orc:3    | Killed Nessos
 35521 | Orc:3    | XOM: silly message
 35708 | Orc:2    | Noticed Josephine
 35715 | Orc:2    | Killed Josephine
 35765 | Orc:2    | Noticed Gastronok
 35770 | Orc:2    | XOM: confuse monster(s)
 35775 | Orc:2    | Killed Gastronok
 35867 | Orc:1    | You fall through a shaft!
 35894 | Orc:2    | XOM: silly message
 36204 | D:11     | XOM: give mutation
 36204 | D:11     | Gained mutation: Your system is resistant to poisons. [Xom's grace]
 36365 | D:12     | XOM: vitrification
 36400 | D:12     | XOM: potion effect (curing)
 36537 | D:12     | XOM: god gift: 9 honeycombs
 36719 | D:12     | XOM: give mutations
 36719 | D:12     | Gained mutation: You are robust (+10% HP). [Xom's grace]
 36719 | D:12     | Gained mutation: You can translocate small distances at will. [Xom's grace]
 37264 | D:13     | Found a flagged portal.
 37277 | Bailey   | Entered a bailey
 37350 | Bailey   | Found a bloodstained altar of Trog.
 37849 | D:13     | Found a gate to the Vaults.
 37861 | D:13     | XOM: summons 3 friendly demons
 37872 | D:13     | XOM: summons 1 friendly demon
 37879 | D:13     | XOM: enchant monster (good)
 37886 | D:13     | XOM: chaos upgrade
 37888 | D:13     | XOM: inner flame monster(s)
 37909 | D:13     | XOM: swap monsters
 37945 | D:13     | XOM: colour smoke trail
 37960 | D:14     | Noticed Fannar
 37988 | D:14     | Killed Fannar
 38019 | D:14     | XOM: mild Tloc miscast
 38083 | D:14     | XOM: give mutations
 38083 | D:14     | Lost mutation: Your natural rate of healing is unusually fast. [Xom's grace]
 38083 | D:14     | Gained mutation: You have a slow metabolism. [Xom's grace]
 38083 | D:14     | Gained mutation: You are resistant to electric shocks. [Xom's grace]
 38249 | D:14     | XOM: summons 4 hostile shadow creatures
 38686 | D:14     | XOM: god gift: thick leatherbound book {god gift}
 38725 | D:14     | Found Chiuse's Book Shoppe.
 38945 | D:15     | Entered Level 15 of the Dungeon
 39033 | D:15     | Noticed Azrael
 39045 | D:15     | Killed Azrael
 39064 | D:15     | Got a twitching jade amulet
 39068 | D:15     | Identified the amulet of the Clam {rCorr Hunger Int+3} (You acquired it on level 15 of the Dungeon)
 39094 | D:15     | Found a shimmering altar of Xom.
 39153 | D:15     | Found Phuushrag's Pet Rocks.
 39190 | D:15     | XOM: give mutations
 39190 | D:15     | Lost mutation: You have large cloven feet. [Xom's mischief]
 39190 | D:15     | Lost mutation: You have a slow metabolism. [Xom's mischief]
 39190 | D:15     | Lost mutation: Your system is resistant to poisons. [Xom's mischief]
 39220 | D:15     | XOM: mild Fire miscast
 39309 | Lair:2   | XOM: give mutations
 39309 | Lair:2   | Lost mutation: You are partially covered in iridescent scales (AC +4). [Xom's mischief]
 39309 | Lair:2   | Lost mutation: Your digestive system is specialised to digest meat. [Xom's mischief]
 39309 | Lair:2   | Lost mutation: Your spells are a little harder to cast, but a little more powerful. [Xom's mischief]
 39499 | D:15     | Found a staircase to the Depths.
 39531 | D:15     | XOM: enchant monster (bad)
 39617 | Depths:1 | Entered Level 1 of the Depths
 39834 | D:15     | XOM: give mutations
 39834 | D:15     | Lost mutation: You are covered in thick fur (AC +2). [Xom's mischief]
 39834 | D:15     | Lost mutation: Your flesh is cold resistant. [Xom's mischief]
 40067 | D:15     | XOM: god gift: faintly glowing robe {god gift}
 40253 | D:14     | XOM: god gift: sack of spiders
 40732 | Depths:1 | XOM: silly message
 40833 | Depths:1 | XOM: summons 12 friendly demons
 40863 | Depths:1 | XOM: confuse monster(s)
 40872 | Depths:1 | Reached XP level 19. HP: 108/149 MP: 32/32
 40889 | Depths:1 | XOM: confuse monster(s)
 40891 | Depths:1 | XOM: swap monsters
 40914 | Depths:1 | XOM: cast spell 'Monstrous Menagerie'
 40917 | Depths:1 | Reached skill level 15 in Maces & Flails
 40964 | Depths:1 | XOM: god gift: 46 gold pieces
 41103 | Depths:1 | XOM: enchant monster (good)
 41174 | Depths:1 | XOM: harmless Pois miscast
 41250 | Depths:1 | XOM: cast spell 'Spider Form'
 41258 | Depths:1 | XOM: scenery: create altars
 41333 | Depths:1 | XOM: mild Erth miscast
 41340 | Depths:1 | XOM: enchant monster (bad)
 41409 | Depths:1 | Found a gateway to Hell.
 41584 | Depths:1 | XOM: enchant monster (good)
 41822 | Depths:2 | XOM: confuse monster(s)
 41896 | Depths:2 | XOM: blink monster(s)
 41903 | Depths:2 | XOM: summons friendly ufetubus
 42087 | Depths:2 | XOM: polymorph orc warrior -> iguana
 42105 | Depths:2 | XOM: summons 5 friendly demons
 42275 | Depths:2 | XOM: summons friendly shadow imp
 42282 | Depths:2 | XOM: cast spell 'Spider Form'
 42286 | Depths:2 | XOM: confuse monster(s)
 42462 | Depths:2 | XOM: summons friendly quasit
 42661 | Depths:2 | XOM: silly message
 42855 | Depths:2 | XOM: potion effect (berserk rage)
 42857 | Depths:2 | XOM: potion effect (invisibility)
 42864 | Depths:2 | XOM: potion effect (experience)
 42864 | Depths:2 | Reached XP level 20. HP: 157/158 MP: 33/33
 42958 | Depths:2 | Found a roughly hewn altar of Beogh.
 43111 | Depths:2 | XOM: vitrification
 43324 | Depths:2 | Noticed a golden dragon
 43324 | Depths:2 | XOM: swap monsters
 43333 | Depths:2 | XOM: enchant monster (good)
 43342 | Depths:2 | Killed a golden dragon
 43397 | Depths:2 | XOM: enchant monster (bad)
 43507 | Depths:2 | XOM: colour smoke trail
 43697 | Depths:2 | XOM: divination: detect creatures
 43861 | Depths:2 | XOM: noise
 43874 | Depths:2 | XOM: harmless Necr miscast
 43920 | Depths:2 | Got a fine plate armour
 43943 | Depths:2 | Identified the +2 plate armour of the Locust {Dex+2 Acc+6} (You found it on level 2 of the Depths)
 43949 | Depths:2 | XOM: harmless Summ miscast
 43988 | Depths:2 | XOM: god gift: 41 gold pieces
 44124 | Depths:3 | XOM: god gift: dented malachite amulet {god gift}
 44184 | Depths:3 | XOM: colour smoke trail
 44203 | Depths:3 | Noticed Norris
 44224 | Depths:3 | XOM: swap monsters
 44232 | Depths:3 | XOM: divination: detect creatures
 44238 | Depths:3 | XOM: summons friendly iron imp
 44241 | Depths:3 | XOM: enchant monster (good)
 44267 | Depths:3 | Found a magical portal.
 44276 | WizLab   | Entered a wizard's laboratory
 44473 | WizLab   | XOM: cast spell 'Chain of Chaos'
 44474 | WizLab   | XOM: swap monsters
 44544 | WizLab   | Noticed an ancient lich
 44573 | WizLab   | Killed an ancient lich
 44639 | WizLab   | XOM: god gift: 14 gold pieces
 44667 | WizLab   | XOM: colour smoke trail
 45092 | Depths:3 | XOM: potion effect (might)
 45136 | Depths:3 | XOM: god gift: weird smoking rod {god gift}
 45149 | Depths:3 | Identified a +3 rod of clouds (13/13) (Xom gifted it to you on level 3 of the Depths)
 45333 | Depths:3 | XOM: summons friendly quasit
 45381 | Depths:3 | XOM: enchant monster (bad)
 45403 | Depths:3 | Found a one-way gate leading to the halls of Pandemonium.
 45630 | Depths:3 | Found a one-way gate to the infinite horrors of the Abyss.
 45670 | Depths:3 | XOM: vitrification
 45712 | Depths:4 | XOM: divination: magic mapping
 45715 | Depths:4 | Paralysed by a giant eyeball for 3 turns
 45722 | Depths:4 | Paralysed by a giant eyeball for 2 turns
 45770 | Depths:4 | XOM: confuse monster(s)
 45782 | Depths:4 | XOM: god gift: 22 gold pieces
 46204 | Depths:4 | XOM: swap monsters
 46206 | Depths:4 | Reached XP level 21. HP: 133/163 MP: 34/34
 46318 | Depths:4 | Paralysed by a giant eyeball for 2 turns
 46324 | Depths:4 | XOM: summons friendly white imp
 46333 | Depths:4 | Paralysed by a giant eyeball for 3 turns
 46435 | Depths:4 | XOM: summons 10 friendly demons
 46436 | Depths:4 | XOM: enchant monster (good)
 46444 | Depths:4 | XOM: confuse monster(s)
 46601 | Depths:4 | XOM: scenery: 1 doors close
 46811 | Depths:4 | XOM: god gift: 23 gold pieces
 46835 | Depths:4 | Paralysed by a giant eyeball for 3 turns
 46843 | Depths:4 | XOM: cast spell 'Ice Form'
 46867 | Depths:4 | Paralysed by a giant eyeball for 2 turns
 46874 | Depths:4 | Killed from afar by a fire giant

Action                   |  1- 3 |  4- 6 |  7- 9 | 10-12 | 13-15 | 16-18 | 19-21 || total
-------------------------+-------+-------+-------+-------+-------+-------+-------++-------
Melee: Mace              |    87 |   120 |   141 |       |       |       |       ||   348
       Flail             |       |       |   216 |   541 |       |       |       ||   757
       Unarmed           |       |       |       |     9 |       |       |    13 ||    22
       Morningstar       |       |       |       |   287 |  1231 |  2338 |   986 ||  4842
       Rod               |       |       |       |       |       |     1 |       ||     1
 Fire: Blowgun           |       |     3 |    27 |     1 |       |       |       ||    31
Evoke: Wand              |       |     1 |     5 |    14 |    20 |    56 |     6 ||   102
       Deck              |       |       |       |       |     1 |     4 |       ||     5
       Rod               |       |       |       |       |       |    17 |    11 ||    28
       Lamp of fire      |       |       |       |       |       |     6 |     5 ||    11
       Sack of spiders   |       |       |       |       |       |     1 |     3 ||     4
       Stone of tremors  |       |       |       |       |       |       |     3 ||     3
  Use: Scroll            |       |     2 |    21 |    23 |    27 |    20 |    11 ||   104
       Potion            |       |     5 |     3 |     6 |     2 |    19 |     6 ||    41
 Stab: Petrifying        |     1 |       |     1 |     1 |       |     2 |       ||     5
       Petrified         |     1 |       |       |       |       |       |       ||     1
       Sleeping          |       |     1 |       |       |       |       |       ||     1
       Confused          |       |     2 |     3 |       |     4 |     7 |     6 ||    22
       Distracted        |       |       |     1 |     3 |       |     3 |     2 ||     9
       Invisible         |       |       |       |     1 |       |    30 |     1 ||    32
       Paralysed         |       |       |       |       |     4 |       |     1 ||     5
       Held in net/web   |       |       |       |       |       |     1 |       ||     1
